 Dungeon Crawl Stone Soup version 0.30-a0-879-ga8ba668304 (webtiles) character file.

Game seed: 10427600446960334327

8735 Axe the Spear-Bearer (level 11, -1/129 HPs)
             Began as a Demonspawn Gladiator on Mar 13, 2023.
             Was a High Priest of Makhleb.
             Slain by Snorg (6 damage)
             ... on level 10 of the Dungeon.
             The game lasted 00:20:09 (8967 turns).

Axe the Spear-Bearer (Demonspawn Gladiator)         Turns: 8967, Time: 00:20:09

Health: -1/129     AC: 29    Str: 18    XL:     11   Next: 13%
Magic:  11/11      EV:  2    Int: 10    God:    Makhleb [*****.]
Gold:   668        SH: 10    Dex: 15    Spells: 10/10 levels left

rFire   . . .      SeeInvis .    d - +3 trident (venom)
rCold   . . .      Faith    .    n - +0 kite shield
rNeg    . . .      Spirit   .    L - melded +0 steam dragon scales
rPois   +          Reflect  .    J - melded +1 hat {Int+3}
rElec   .          Rampage  .    R - melded +1 cloak
rCorr   .          NoTele   +    (gloves currently unavailable)
Will    .....                    P - melded +0 pair of boots
Stlth   +                        (no amulet)
HPRegen 0.41/turn                f - ring of poison resistance
MPRegen 0.12/turn                a - +4 ring of protection

@: tree-form
A: stationary, stasis, torment immunity, boosted hp, (horns 1), demonic guardian
1, powered by death 2
a: Renounce Religion, Minor Destruction, Lesser Servant of Makhleb, Major
Destruction, Greater Servant of Makhleb


You were on level 10 of the Dungeon.
You worshipped Makhleb.
Makhleb was extremely pleased with you.
You were a tree.
You visited 1 branch of the dungeon, and saw 10 of its levels.
You also visited: Ossuary.

You collected 668 gold pieces.

Inventory:

Hand Weapons
 d - a +3 trident of venom (weapon)
Missiles
 e - a javelin (quivered)
 y - 5 atropa-tipped darts
 C - 26 poisoned darts
Armour
 m - a +0 cloak
 n - a +0 kite shield (worn)
 J - a +1 hat of intelligence (melded)
 L - +0 steam dragon scales (melded)
 P - a +0 pair of boots (melded)
 R - a +1 cloak (melded)
Jewellery
 a - a +4 ring of protection (right branch)
 f - a ring of poison resistance (left branch)
 h - a ring of ice
 z - a +5 ring of evasion
 D - a ring of protection from cold
 O - a ring of positive energy
Wands
 j - a wand of polymorph (5)
 k - a wand of flame (7)
 w - a wand of iceblast (6)
 x - a wand of mindburst (24)
 K - a wand of charming (10)
Scrolls
 b - 4 scrolls of vulnerability
 c - a scroll of acquirement {unknown}
 g - 5 scrolls of fear
 o - 2 scrolls of amnesia
 B - 2 scrolls of enchant armour
 E - 3 scrolls of teleportation
 F - 2 scrolls of enchant weapon
 G - 6 scrolls of identify
Potions
 i - 3 potions of flight
 l - 3 potions of curing {unknown}
 p - 2 potions of attraction {unknown}
 q - a potion of magic {unknown}
 r - 2 potions of haste {unknown}
 s - a potion of invisibility {unknown}
 u - 2 potions of might {unknown}
 v - 2 potions of brilliance {unknown}
 A - 4 potions of lignification
 H - 2 potions of resistance {unknown}
 I - a potion of ambrosia {unknown}
 Q - 2 potions of cancellation {unknown}


   Skills:
 + Level 8.1 Fighting
 + Level 9.5 Polearms
 - Level 1.7 Throwing
 + Level 7.2 Armour
 + Level 5.5 Dodging
 * Level 6.6 Shields


You had 10 spell levels left.
You didn't know any spells.
Your spell library contained the following spells:

 Spells                   Type           Power      Damage    Failure   Level
 Blink                    Tloc           0%         N/A       83%         2
 Lesser Beckoning         Tloc           0%         N/A       83%         2
 Momentum Strike          Conj/Tloc      0%         3d8       83%         2
 Dazzling Flash           Conj/Hex       0%         N/A       96%         3
 Hailstorm                Conj/Ice       0%         3d3       96%         3
 Ice Form                 Ice/Tmut       0%         N/A       100%        4
 Iskenderun's Mystic Bla  Conj/Tloc      0%         2d3       100%        4
 Olgreb's Toxic Radiance  Pois           0%         N/A       100%        4
 Simulacrum               Ice/Necr       0%         N/A       100%        6
 Starburst                Conj/Fire      0%         6d3       100%        6
 Ozocubu's Refrigeration  Ice            0%         4d7       100%        7
 Ignition                 Fire           0%         3d3       100%        8


Dungeon Overview and Level Annotations

Branches:
Dungeon (10/15)            Temple (0/1) D:4            Lair (0/5) D:8
Ossuary (visited)
    Orc: D:9-12

Altars:
Cheibriados
Dithmenos
Gozag
Kikubaaqudgha
Makhleb
Nemelex Xobeh
Qazlal

Annotations:
D:6 1 runed translucent door, Brisketman's ghost, novice VSBr
D:10 Snorg


Innate Abilities, Weirdness & Mutations

You are a tree.
Your roots penetrate the ground, keeping you stationary.
You cannot be teleported.
You are immune to unholy pain and torment.
Your maximum health is greatly increased.
Your equipment is partially melded.
((You have a pair of small horns on your head.))
A weak demonic guardian rushes to your aid.
You regenerate health from kills.


Message History

Snorg is heavily wounded.
Snorg bites you but does no damage. Snorg claws you! x2
* * * LOW HITPOINT WARNING * * *
You block Snorg's attack. x2; Snorg barely misses you.
You block Snorg's attack. Snorg claws you.
* * * LOW HITPOINT WARNING * * *
Snorg claws you!
* * * LOW HITPOINT WARNING * * *
A demonic guardian appears!
You feel much better. You block Snorg's attack.
Snorg claws you but does no damage. x2
You hit Snorg.
Snorg looks as sick as possible!
Snorg is heavily wounded.
You block Snorg's attack. Snorg closely misses you. Snorg claws you.
* * * LOW HITPOINT WARNING * * *
Your iron imp barely misses Snorg.
Snorg bites you!
* * * LOW HITPOINT WARNING * * *
Snorg barely misses you. Snorg completely misses you.
Blink to where?
Press: ? - help, Dir - move target, p - Snorg
As you read the scroll of blinking, it crumbles to dust.
You hear a shout!
Aiming: Iceblast
Press: ? - help, Shift-Dir - straight line, f - Snorg
Aim: Snorg (severely wounded, berserk, extremely poisoned)
The mass of ice explodes!
The iceblast engulfs Snorg!
Snorg is severely wounded.
Okay, then.
You can't see any enemies this would affect, really read the scroll of fear?
Okay, then.
It was a potion of lignification.
You turn into a tree.
Your +1 cloak melds into your body.
Your +1 hat of intelligence melds into your body.
Your +0 pair of boots melds into your body.
Your +0 steam dragon scales melds into your body.
You feel stupid.
Your roots penetrate the ground.
Snorg bites you.
* * * LOW HITPOINT WARNING * * *
A demonic guardian appears!
Snorg claws you.
You die...

#.....#
#.....#
#.....#
###.### #..#
#####'##
#......#
####......#
###T♣'......#
#..5##......#
#5####......#
#.# #......#
#.# #......#
#5# #......#
(.# #......#
(### #......#
<(


You could see Snorg (berserk, extremely poisoned, ally target), a friendly iron
imp (summoned) and a friendly ufetubus (summoned).

Vanquished Creatures
  Gastronok (D:8)
  Maurice (D:10)
  2 trolls
  Sigmund (D:3)
  A shadow (D:9)
  2 wraiths (D:10)
  5 yaks (D:9)
  3 steam dragons
  An ice beast (D:6)
  A black bear (D:6)
  2 sky beasts (D:7)
  4 wolves (D:8)
  4 ogres
  3 centaurs
  A phantom (D:5)
  6 kobold brigands
  2 bullfrogs (D:7)
  3 gnoll sergeants
  A scorpion (D:7)
  16 wights
  13 killer bees
  A troll zombie (Ossuary)
  5 electric eels (D:8)
  3 howler monkeys (D:9)
  A centaur zombie (Ossuary)
  5 hounds
  An orc priest (D:8)
  A jelly (D:5)
  Ijyb (D:4)
  4 sleepcaps
  6 iguanas
  5 orc wizards
  Terence (D:2)
  3 ogre zombies (Ossuary)
  7 mummies (Ossuary)
  Robin (D:2)
  7 adders
  14 gnolls
  A shadow imp (D:6)
  4 white imps
  5 adder zombies (Ossuary)
  2 worms
  2 dart slugs
  14 orcs
  6 bats
  4 endoplasms
  4 giant cockroaches
  A gnoll zombie (Ossuary)
  17 goblins
  7 hobgoblins
  6 jackals
  3 quokkas
  4 ball pythons
  5 frilled lizards
  4 goblin zombies (Ossuary)
  7 hobgoblin zombies (Ossuary)
  31 kobolds
  5 kobold zombies (Ossuary)
  A quokka zombie (Ossuary)
  4 rats
  2 rat zombies (Ossuary)
278 creatures vanquished.

Vanquished Creatures (collateral kills)
  A wolf (D:8)
  An electric eel (D:8)
2 creatures vanquished.

Grand Total: 280 creatures vanquished

Notes
Turn   | Place    | Note
-------+----------+-------------------------------------------
     0 | D:1      | Axe the Demonspawn Gladiator began the quest for the Orb.
     0 | D:1      | Reached XP level 1. HP: 16/16 MP: 1/1
    56 | D:1      | Reached skill level 3 in Polearms
    69 | D:1      | Gained mutation: You regenerate a little health from kills.
                  | [demonic ancestry]
    69 | D:1      | Reached XP level 2. HP: 14/22 MP: 2/2
   425 | D:1      | Reached skill level 1 in Armour
   464 | D:1      | Reached XP level 3. HP: 28/28 MP: 3/3
   805 | D:2      | Reached XP level 4. HP: 34/34 MP: 4/4
   989 | D:2      | Noticed Terence
   997 | D:2      | Killed Terence
  1073 | D:2      | Reached skill level 4 in Polearms
  1205 | D:2      | Noticed Robin
  1304 | D:2      | Killed Robin
  1520 | D:3      | Reached XP level 5. HP: 41/41 MP: 5/5
  1716 | D:3      | Noticed Sigmund
  1729 | D:3      | Killed Sigmund
  1730 | D:3      | Reached XP level 6. HP: 35/47 MP: 6/6
  1743 | D:3      | Found a burning altar of Makhleb.
  1751 | D:3      | Became a worshipper of Makhleb the Destroyer
  1938 | D:3      | Reached skill level 5 in Polearms
  1954 | D:3      | Found the +5 woodcutter's axe
  2136 | D:4      | Noticed Ijyb
  2283 | D:4      | Killed Ijyb
  2443 | D:4      | Found a staircase to the Ecumenical Temple.
  2525 | D:4      | Gained mutation: You have a pair of small horns on your
                  | head. [demonic ancestry]
  2525 | D:4      | Reached XP level 7. HP: 24/54 MP: 7/7
  2812 | D:4      | Reached * piety under Makhleb
  3100 | D:5      | Entered Level 5 of the Dungeon
  3239 | D:5      | Found a sparkling altar of Nemelex Xobeh.
  3251 | D:5      | Reached skill level 6 in Polearms
  3269 | D:5      | Found an ancient bone altar of Kikubaaqudgha.
  3691 | D:5      | Reached XP level 8. HP: 50/61 MP: 8/8
  3694 | D:5      | Reached skill level 5 in Fighting
  4139 | D:6      | Found a runed translucent door.
  4156 | D:6      | Noticed Brisketman's ghost (novice VSBr)
  4179 | D:6      | Reached skill level 7 in Polearms
  4315 | D:6      | Found a sand-covered staircase.
  4326 | Ossuary  | Entered an ossuary
  4382 | Ossuary  | Reached ** piety under Makhleb
  5298 | D:7      | Reached skill level 5 in Armour
  5314 | D:7      | Reached *** piety under Makhleb
  5315 | D:7      | Reached skill level 8 in Polearms
  5392 | D:7      | Gained mutation: A weak demonic guardian rushes to your
                  | aid. [demonic ancestry]
  5392 | D:7      | Reached XP level 9. HP: 68/69 MP: 9/9
  5468 | D:7      | Found an opulent altar of Gozag.
  5629 | D:7      | Reached skill level 1 in Shields
  6051 | D:8      | Found a shadowy altar of Dithmenos.
  6637 | D:8      | Reached **** piety under Makhleb
  6665 | D:8      | Noticed Gastronok
  6685 | D:8      | Killed Gastronok
  6686 | D:8      | Gained mutation: You regenerate health from kills. [demonic
                  | ancestry]
  6686 | D:8      | Reached XP level 10. HP: 61/79 MP: 10/10
  6857 | D:8      | Found a stormy altar of Qazlal.
  6934 | D:8      | Reached skill level 9 in Polearms
  6934 | D:8      | Reached skill level 5 in Shields
  7227 | D:8      | Found a staircase to the Lair.
  7408 | D:8      | HP: 2/79 [electric eel/bolt of electricity (11)]
  7798 | D:9      | Reached skill level 5 in Dodging
  8061 | D:9      | Found a snail-covered altar of Cheibriados.
  8580 | D:10     | Entered Level 10 of the Dungeon
  8587 | D:9      | Reached XP level 11. HP: 86/86 MP: 11/11
  8770 | D:10     | Reached ***** piety under Makhleb
  8841 | D:10     | Noticed Maurice
  8872 | D:10     | Killed Maurice
  8944 | D:10     | Noticed Snorg
  8967 | D:10     | HP: 5/129 [Snorg (6)]
  8967 | D:10     | Slain by Snorg

Illustrated notes

Levels and vault maps discovered:
D:1:      scummos_arrival_star, layout_basic
D:2:      layout_rooms, basic_altar, chequers_serial_rivers_large_a,
          kennysheep_generic_room_10, uniq_robin, uniq_terence
D:3:      layout_rooms, bloody_makhleb, pf_guarded_unrand_woodcutter,
          uniq_sigmund
D:4:      layout_cave_pods, minmay_temple_entry_sparse_star, uniq_ijyb
D:5:      cheibrodos_thug_alley, layout_basic,
          nemelex_xobeh_ov_fountains_minmay, nicolae_kikubaaqudgha_miasma_corner
D:6:      layout_loops_ring, ebering_ghost_sewer_d, enter_ossuary_1
D:7:      layout_loops_corners, lemuel_crystal_altar
D:8:      cheibrodos_steamvent, layout_loops_ring,
          nicolae_qazlal_scattered_showers,
          nicolae_dithmenos_through_a_glass_darkly, erik_lair_island,
          uniq_gastronok
D:9:      layout_roguey, cheibriados_altar_1
D:10:     layout_roguey, lemuel_tele_altar, uniq_harold, uniq_snorg,
          uniq_maurice

Skill      XL: |  1  2  3  4  5  6  7  8  9 10 11 |
---------------+----------------------------------+-----
Polearms       | 3 4 5 6 8 9 |  9.5
Armour         | 1 2 3 4 5 6 7 |  7.2
Fighting       | 3 4 6 7 8 |  8.1
Dodging        | 4 5 |  5.5
Shields        | 4 6 |  6.6
Throwing       | |  1.7

Action                     |  1- 3 |  4- 6 |  7- 9 | 10-12 || total
---------------------------+-------+-------+-------+-------++-------
  Melee: Trident           |    90 |   208 |   430 |   322 ||  1050
         Punch             |       |     2 |     5 |       ||     7
         Unarmed           |       |    11 |       |       ||    11
         Headbutt          |       |       |    90 |    61 ||   151
  Throw: Throwing net      |       |     4 |       |     3 ||     7
         Dart              |       |       |     1 |    10 ||    11
         Javelin           |       |       |     1 |     1 ||     2
  Evoke: Wand              |       |       |     2 |     1 ||     3
    Use: Scroll            |       |    11 |     2 |     1 ||    14
         Potion            |       |       |     2 |     6 ||     8
   Stab: Held in net/web   |       |     3 |       |       ||     3
         Distracted        |       |       |       |     2 ||     2
 Armour: Leather armour    |     2 |       |       |       ||     2
         Ring mail         |    15 |    58 |   157 |     5 ||   235
         Skin              |       |     2 |       |       ||     2
         Steam dragon scal |       |       |       |    64 ||    64
  Dodge: Dodged            |    35 |   180 |   140 |   135 ||   490
  Block: Kite shield       |       |       |    35 |   146 ||   181

Table legend: (Time is in decaauts)
 A = Elapsed time spent in this place.
 B = Non-inter-level travel time spent in this place.
 C = Inter-level travel time spent in this place.
 D = Time resting spent in this place.
 E = Time spent auto-exploring this place.
 F = Levels seen in this place.
 G = Mean time per level.
                   A        B        C        D        E       F      G
               +--------+--------+--------+--------+--------+-----+--------+
         Total |   9021 |   8603 |    418 |   1346 |   5031 |  11 |  820.1 |
       Dungeon |   8546 |   8128 |    418 |   1290 |   4839 |  10 |  854.6 |
       Ossuary |    474 |    474 |      0 |     56 |    192 |   1 |  474.0 |
               +--------+--------+--------+--------+--------+-----+--------+

Top non-repeatable levels by time:
     D:8: 1668 daAuts
     D:9: 1028 daAuts
     D:5: 1021 daAuts
     D:4: 956 daAuts
     D:2: 834 daAuts
     D:7: 748 daAuts
     D:3: 682 daAuts
     D:6: 678 daAuts
     D:1: 667 daAuts
 Ossuary: 474 daAuts
    D:10: 261 daAuts
